AoeStats
← El loco

Arabia

510876386Analyzed
1v1 RM · 16d ago on Oct 2, 2026· 52m 35s· 2 players
Game mode
Random Map
Map size
Tiny (2 player)
Population
200
Speed
Normal
Resources
Standard
Victory
Conquest
Starting age
Dark Age
Ending age
Imperial Age
RankedLock teamsTeams togetherTeam positionsShared explorationLock speedFull tech treeHidden civsTurbo modeCheats
Victory
Defeat
🇦🇷 Byzantines · Argentina
1241
+15
vs
🇺🇸 Huns · United States
1224
-15
twistpull
9:44 Loom
12:31 Feudal Age
13:05 Double-Bit Axe
13:40 Man-at-Arms
14:16 Horse Collar
19:46 Fletching
20:07 Forging
22:11 Padded Archer Armor
22:11 Scale Mail Armor
24:13 Wheelbarrow
24:55 Town Watch
29:34 Castle Age
29:45 Crossbowman
30:29 Bodkin Arrow
30:04 Long Swordsman
32:32 Light Cavalry
33:13 Husbandry
33:23 Bloodlines
33:25 Scale Barding Armor
33:26 Gold Mining
34:34 Bow Saw
39:01 Ballistics
39:20 Chain Barding Armor
40:20 Iron Casting
42:45 Hand Cart
44:15 Thumb Ring
47:27 Imperial Age
44:31 Elite Skirmisher
46:39 Pikeman
47:19 Squires
48:25 Gold Shaft Mining
48:45 Bracer
51:32 Leather Archer Armor
El loco
5:51 Loom
8:29 Feudal Age
8:59 Double-Bit Axe
16:08 Fletching
18:07 Padded Archer Armor
24:05 Castle Age
24:00 Scale Barding Armor
25:12 Forging
25:40 Elite Skirmisher
26:11 Crossbowman
34:17 Gold Mining
34:17 Stone Mining
35:40 Ballistics
35:41 Bodkin Arrow
36:02 Leather Archer Armor
39:13 Imperial Age
39:28 Chain Barding Armor
40:20 Conscription
42:07 Wheelbarrow
42:02 Murder Holes
43:23 Heavy Camel Rider
45:20 Bow Saw
46:07 Plate Barding Armor
46:08 Iron Casting
46:50 Bracer
48:12 Arbalester
48:58 Thumb Ring
51:01 Hoardings
50:44 Hand Cart
51:31 Chemistry
50:12 Treadmill Crane
Connection lost

Rejoining the realm…

Still unreachable

The connection could not be restored.

Session expired

The server has moved on; the page needs a fresh start.